 Dungeon Crawl Stone Soup version 0.28-a0-938-gbc3f381ebc (webtiles) character file.

Game seed: 15622300175197834000

282 Ajdolov the Stinger (level 6, 0/49 HPs)
             Began as a Naga Hedge Wizard on Nov 29, 2021.
             Slain by a bullfrog skeleton (4 damage)
             ... on level 5 of the Dungeon.
             The game lasted 00:17:50 (4792 turns).

Ajdolov the Stinger (Naga Hedge Wizard)             Turns: 4792, Time: 00:17:51

Health: 0/49       AC:  3    Str: 11 (12) XL:     6   Next: 28%
Magic:  7/10       EV:  9    Int: 16 (17) God:
Gold:   179        SH:  5    Dex:  7 (10) Spells: 7/11 levels left

rFire   . . .      SeeInvis +   e - +1 spear
rCold   . . .      Faith    .   (no shield)
rNeg    . . .      Spirit   .   b - +0 robe
rPois   +          Reflect  +   c - +0 hat
rElec   .          Harm     .   (no cloak)
rCorr   .          Rampage  .   (no gloves)
Will    .....                   (no barding)
Stlth   ++........              h - amulet of reflection
HPRegen 0.16/turn               (no ring)
MPRegen 0.12/turn               (no ring)

@: studying Short Blades, very slow
A: AC +2, large, see invisible, deformed body, poison resistance, slowness 2,
spit poison 1, naga tail 1
a: Spit Poison


You were on level 5 of the Dungeon.
You visited 1 branch of the dungeon, and saw 5 of its levels.

You collected 179 gold pieces.

Inventory:

Hand Weapons
 a - a +0 dagger
 e - a +1 spear (weapon)
Armour
 b - a +0 robe (worn)
 c - a +0 hat (worn)
 g - a +0 ring mail
Jewellery
 h - an amulet of reflection (around neck)
Wands
 j - a wand of digging (8)
Scrolls
 i - a scroll of enchant weapon
 k - a scroll of identify
 l - a scroll of teleportation
Potions
 d - a potion of berserk rage


   Skills:
 - Level 1.5 Dodging
 - Level 3.0 Stealth
 - Level 3.3 Spellcasting
 + Level 3.4 Conjurations
 - Level 1.0 Summonings
 - Level 1.0 Translocations
 * Level 2.7 Air Magic
 * Level 4.5 Poison Magic


You had 7 spell levels left.
You knew the following spells:

 Your Spells              Type           Power      Damage    Failure   Level
a - Magic Dart            Conj           52%        1d5       4%          1
b - Mephitic Cloud        Conj/Pois/Air  14%        N/A       12%         3

Your spell library contained the following spells:

 Spells                   Type           Power      Damage    Failure   Level
 Slow                     Hex            8%         N/A       19%         1
 Blink                    Tloc           10%        N/A       19%         2
 Call Imp                 Summ           5%         N/A       19%         2
 Conjure Flame            Conj/Fire      8%         6-21      26%         3


Dungeon Overview and Level Annotations

Branches:
Dungeon (5/15)
 Temple: D:4-7

Altars:
Fedhas
Kikubaaqudgha
Nemelex Xobeh
Sif Muna
Uskayaw
Yredelemnul

Shops:
D:3 :


Innate Abilities, Weirdness & Mutations

Your serpentine skin is tough. (AC +2)
You have supernaturally acute eyesight. (SInv)
Armour fits poorly on your strangely shaped body.
Your system is resistant to poisons. (rPois)
You cover ground very slowly.
You can spit poison.
You have a snake-like lower body.


Message History

Found 27 bolts.
You start resting.
Magic restored.
You start resting.
A bullfrog skeleton comes into view.
Casting: Magic Dart (safe; 4% risk of failure)
Confirm with . or Enter, or press ? or * to list all spells.
Aiming: Magic Dart (safe; 4% risk of failure)
Press: ? - help, Shift-Dir - straight line, f - bullfrog skeleton
Aim: a bullfrog skeleton (100% to hit)
The magic dart hits the bullfrog skeleton.
The bullfrog skeleton is lightly damaged.
Casting: Magic Dart (safe; 4% risk of failure)
Confirm with . or Enter, or press ? or * to list all spells.
Aiming: Magic Dart (safe; 4% risk of failure)
Press: ? - help, Shift-Dir - straight line, f/p - bullfrog skeleton
Aim: a bullfrog skeleton (lightly damaged, 100% to hit)
The magic dart hits the bullfrog skeleton.
The bullfrog skeleton is moderately damaged.
Casting: Magic Dart (safe; 4% risk of failure)
Confirm with . or Enter, or press ? or * to list all spells.
Aiming: Magic Dart (safe; 4% risk of failure)
Press: ? - help, Shift-Dir - straight line, f/p - bullfrog skeleton
Aim: a bullfrog skeleton (moderately damaged, 100% to hit)
The magic dart hits the bullfrog skeleton.
The bullfrog skeleton is heavily damaged.
You hear the slow rusting of a very distant drain.
You are too injured to fight recklessly!
You hit the bullfrog skeleton.
The bullfrog skeleton is severely damaged.
The bullfrog skeleton barely misses you.
You hit the bullfrog skeleton.
The bullfrog skeleton is severely damaged.
The bullfrog skeleton hits you.
* * * LOW HITPOINT WARNING * * *
You block the bullfrog skeleton's attack.
You hit the bullfrog skeleton.
The bullfrog skeleton is almost destroyed.
The bullfrog skeleton hits you.
You die...

###+#.
#....#
#....#
+....#
#....#
###....#
#..Z...#
#..@...#
#......#
+......#
#......#
#..(...#
########


You could see a bullfrog skeleton.

Vanquished Creatures
  A sky beast (D:5)
  A hound (D:3)
  An iguana (D:4)
  3 adders
  2 adder zombies (D:2)
  3 adder skeletons
  A worm (D:3)
  A dart slug (D:2)
  6 orcs
  4 ball pythons
  6 endoplasms
  5 giant cockroaches
  5 goblins
  8 hobgoblins
  2 jackals (D:3)
  4 quokkas
  A ball python skeleton (D:2)
  A ball python zombie (D:2)
  9 bats
  5 frilled lizards
  A jackal zombie (D:2)
  4 kobolds
  6 rats
80 creatures vanquished.

Notes
Turn   | Place    | Note
-------+----------+-------------------------------------------
     0 | D:1      | Ajdolov the Naga Hedge Wizard began the quest for the Orb.
     0 | D:1      | Reached XP level 1. HP: 15/15 MP: 4/4
   508 | D:1      | Reached XP level 2. HP: 14/22 MP: 6/6
  1080 | D:1      | Reached XP level 3. HP: 24/28 MP: 7/7
  1084 | D:1      | Learned a level 3 spell: Mephitic Cloud
  1735 | D:2      | Reached skill level 1 in Poison Magic
  2208 | D:2      | Reached XP level 4. HP: 36/36 MP: 2/8
  2337 | D:2      | Reached skill level 1 in Air Magic
  2337 | D:2      | Reached skill level 2 in Poison Magic
  3148 | D:3      | Found Hoonyula's Book Shop.
  3474 | D:3      | Found a shimmering blue altar of Sif Muna.
  3474 | D:3      | Found a blossoming altar of Fedhas.
  3474 | D:3      | Found a hide-covered altar of Uskayaw.
  3474 | D:3      | Found a basalt altar of Yredelemnul.
  3487 | D:3      | Found an ancient bone altar of Kikubaaqudgha.
  3487 | D:3      | Found a sparkling altar of Nemelex Xobeh.
  3708 | D:3      | Reached skill level 3 in Poison Magic
  4002 | D:3      | Reached XP level 5. HP: 14/42 MP: 4/9
  4632 | D:4      | Noticed a phantom
  4644 | D:5      | Entered Level 5 of the Dungeon
  4644 | D:5      | Noticed a sky beast
  4652 | D:5      | Killed a sky beast
  4653 | D:5      | Reached skill level 4 in Poison Magic
  4653 | D:5      | Reached XP level 6. HP: 49/49 MP: 0/10
  4754 | D:5      | HP: 2/49 [phantom (4)]
  4792 | D:5      | Slain by a bullfrog skeleton

Illustrated notes

Levels and vault maps discovered:
D:1:      dpeg_arrival_rhombi, layout_basic
D:2:      layout_basic, serial_undead, serial_undead_d, serial_undead_d,
          serial_undead_d, serial_undead_a, st_stairs_11, dk_noncrumbling_2
D:3:      layout_loops_cross, minmay_overflow_temple_hex, serial_shops, shop
D:4:      layout_cave_pods, lightli_temple_of_fire, st_stairs_2
D:5:      layout_gridville, minmay_temple_entry_large_hall,
          portal_sewer_entry_f, uniq_prince_ribbit1

Skill      XL: |  1  2  3  4  5 |
---------------+----------------+-----
Conjurations   | 2 3 |  3.4
Poison Magic   | 1 3 4 |  4.5
Air Magic      | 1 2 |  2.7
Dodging        | |  1.5
Stealth        | |  3.0
Spellcasting   | |  3.3
Summonings     | |  1.0
Translocations | |  1.0

Action                   |  1- 3 |  4- 6 || total
-------------------------+-------+-------++-------
Melee: Spear             |    44 |    73 ||   117
       Dagger            |     2 |       ||     2
 Cast: Magic Dart        |    60 |    78 ||   138
       Mephitic Cloud    |       |     4 ||     4
 Abil: Spit Poison       |    19 |    16 ||    35
  Use: Scroll            |       |     3 ||     3
       Potion            |       |     3 ||     3
 Stab: Sleeping          |     3 |     1 ||     4
       Confused          |       |     1 ||     1
Armor: Robe              |    15 |    11 ||    26
Dodge: Dodged            |    20 |    30 ||    50
Block: Other             |     1 |    19 ||    20

Table legend: (Time is in decaauts)
 A = Elapsed time spent in this place.
 B = Non-inter-level travel time spent in this place.
 C = Inter-level travel time spent in this place.
 D = Time resting spent in this place.
 E = Time spent auto-exploring this place.
 F = Levels seen in this place.
 G = Mean time per level.
                   A        B        C        D        E       F      G
               +--------+--------+--------+--------+--------+-----+--------+
         Total |   5654 |   5591 |     63 |   1136 |   3626 |   5 | 1130.8 |
       Dungeon |   5654 |   5591 |     63 |   1136 |   3626 |   5 | 1130.8 |
               +--------+--------+--------+--------+--------+-----+--------+

Top non-repeatable levels by time:
     D:2: 1950 daAuts
     D:1: 1678 daAuts
     D:3: 1335 daAuts
     D:4: 550 daAuts
     D:5: 138 daAuts
